Map: Восточный дозор РВ

Players

Murena

  • Race: Terran Terran
  • Spawn Location: 1:00

ИИ 1 (эксперт) - Winner!

  • Race: Zerg Zerg
  • Spawn Location: 7:00

VOD

Have the link to the VOD?

Description

Time

  • Played on: Feb. 26, 2019, 11:44 a.m.
  • Length: 8:23
Show
View Real Time Build Order
Export as new Build Order

Murena Terran 

Build Orders:  

Get SALT Encoding   

  12  0:00  SCV  
  13  0:12  SCV  
  14  0:17  Refinery  
  14  0:24  SCV  
  15  0:30  Supply Depot  
  15  0:52  Barracks  
  15  0:54  SCV  
  16  1:08  SCV  
  17  1:22  SCV  
  18  1:35  Command Center  
  18  1:40  Marine  
  18  1:43  SCV  
  20  1:57  Factory  
  20  1:59  Marine  
  21  2:04  SCV  
  22  2:11  Supply Depot  
  22  2:16  Marine  
  23  2:27  Orbital Command  
  23  2:36  Barracks Reactor  
  23  2:40  Refinery  
  23  2:47  Orbital Command  
  23  2:52  SCV  
  24  3:04  Starport  
  24  3:05  SCV  
  24  3:12  Marine x2  
  26  3:17  Hellion  
  26  3:19  SCV  
  30  3:22  SCV  
  31  3:33  SCV  
  32  3:34  Starport  
  32  3:35  SCV  
  33  3:42  Starport Reactor  
  33  3:43  Engineering Bay  
  33  3:47  SCV  
  33  3:48  SCV  
  35  3:54  Supply Depot  
  35  3:59  SCV  
  35  4:01  SCV  
  37  4:09  Missile Turret  
  37  4:12  Starport Tech Lab  
  37  4:14  SCV x2  
  37  4:15  Missile Turret  
  39  4:19  Viking  
  41  4:25  Viking  
  41  4:27  SCV  
  41  4:28  SCV  
  45  4:34  Banshee  
  48  4:40  Supply Depot, SCV  
  48  4:41  SCV  
  48  4:44  Cloaking Field  
  50  4:51  Viking  
  52  4:53  SCV  
  52  4:56  Supply Depot  
  53  5:01  Refinery  
  53  5:02  Refinery  
  53  5:03  Missile Turret  
  53  5:05  Viking  
  55  5:07  SCV  
  55  5:09  SCV  
  57  5:18  Banshee  
  57  5:21  SCV  
  61  5:22  SCV  
  61  5:23  Viking  
  64  5:37  Viking  
  66  5:45  Supply Depot  
  66  5:50  Command Center  
  66  5:54  Viking  
  66  5:55  Missile Turret, SCV  
  66  5:56  SCV  
  70  6:00  Supply Depot  
  70  6:11  Armory  
  70  6:16  Viking  
  70  6:17  SCV x2, Armory  
  74  6:19  Banshee  
  77  6:26  Viking  
  77  6:30  SCV  
  77  6:31  SCV  
  81  6:41  Starport  
  81  6:44  SCV  
  81  6:45  SCV  
  81  6:46  Supply Depot, Factory Tech Lab  
  83  6:56  Supply Depot  
  83  7:16  Siege Tank  
  83  7:17  Marine x2  
  83  7:19  Starport Tech Lab  
  88  7:24  Orbital Command  
  88  7:26  Refinery  
Show
View Real Time Build Order
Export as new Build Order

ИИ 1 (эксперт) Zerg - Winner!

Build Orders: Hatch First 

Get SALT Encoding   

  12  0:00  Drone  
  13  0:12  Overlord  
  13  0:17  Drone  
  14  0:30  Drone x2  
  14  0:34  Drone  
  17  0:54  Hatchery  
  17  0:56  Extractor  
  15  0:58  Drone  
  15  1:01  Drone  
  17  1:04  Extractor  
  17  1:07  Drone  
  17  1:25  Spawning Pool  
  16  1:28  Drone  
  17  1:35  Drone  
  18  1:42  Drone  
  19  1:49  Drone  
  20  1:59  Drone  
  21  2:12  Lair  
  21  2:22  Overlord  
  21  2:35  Queen  
  23  2:40  Drone  
  23  2:43  Drone  
  25  2:47  Drone  
  26  2:52  Drone  
  26  2:56  Drone  
  28  2:59  Drone  
  28  3:05  Drone  
  30  3:08  Drone  
  30  3:11  Drone  
  32  3:15  Drone  
  32  3:18  Drone  
  34  3:30  Drone, Spire  
  34  3:38  Queen  
  36  3:44  Overlord  
  36  4:02  Drone x6  
  42  4:05  Overlord  
  42  4:09  Overlord  
  42  4:12  Drone  
  42  4:14  Drone  
  44  4:23  Drone x2  
  46  4:25  Drone  
  46  4:26  Drone  
  46  4:29  Drone  
  49  4:34  Drone  
  50  4:40  Drone  
  50  4:44  Corruptor, Mutalisk  
  50  4:45  Drone  
  56  4:46  Roach Warren  
  56  4:47  Overlord  
  56  4:50  Mutalisk  
  57  4:54  Mutalisk  
  59  5:05  Drone, Corruptor, Mutalisk  
  64  5:09  Overlord  
  64  5:12  Mutalisk  
  66  5:16  Mutalisk  
  68  5:22  Extractor  
  68  5:26  Mutalisk, Extractor  
  68  5:27  Overlord, Drone  
  69  5:29  Mutalisk  
  71  5:38  Evolution Chamber  
  71  5:39  Drone  
  71  5:45  Drone x2  
  71  5:46  Drone  
  71  5:48  Overlord, Corruptor  
  71  5:49  Drone x3  
  79  5:58  Corruptor  
  81  6:11  Hatchery  
  80  6:12  Drone  
  80  6:13  Zerg Ground Armor Level 1  
  81  6:21  Mutalisk  
  81  6:22  Overlord  
  83  6:30  Mutalisk  
  85  6:38  Spine Crawler  
  85  6:39  Mutalisk  
  84  6:41  Spine Crawler  
  84  6:42  Drone  
  86  6:49  Mutalisk  
  88  7:03  Overlord  
  88  7:04  Infestation Pit  
  87  7:20  Drone, Spore Crawler  
  87  7:21  Spore Crawler  
  87  7:22  Drone  
  87  7:23  Spine Crawler, Queen  
  87  7:24  Drone x3  
  87  7:25  Drone x5  
  87  7:26  Overlord, Drone x3  
  87  7:27  Drone  
  87  7:29  Drone  
  101  7:31  Drone  
  101  7:34  Drone, Extractor  
  101  7:36  Drone  
  103  7:37  Drone  
  103  7:39  Drone  
  103  7:40  Drone  
  99  7:44  Drone x2  
  99  7:49  Overseer  
  99  7:51  Drone  
  91  7:55  Drone  
  91  7:56  Drone, Mutalisk  
  91  7:57  Drone x2  
  91  7:58  Drone  
  93  8:01  Drone  
  93  8:05  Drone  
  91  8:08  Drone  
  94  8:22  Extractor  
Tags
 
Add a new tag
Caveats
  • Supply blocks, unpowered buildings, or Contaminate may cause inaccurate times.
  • Supply counts are checked every 10 seconds.